 Dungeon Crawl Stone Soup version 0.20-a0-871-g785f14b (webtiles) character file.

182 nikopol the Chopper (level 5, -2/70 HPs)
             Began as a Minotaur Berserker on Mar 14, 2017.
             Was a Priest of Trog.
             Succumbed to derval's ghost's poison
             ... on level 4 of the Dungeon.
             The game lasted 00:06:00 (2456 turns).

nikopol the Chopper (Minotaur Berserker)            Turns: 2456, Time: 00:06:01

Health: -2/70      AC:  8    Str: 26    XL:     5   Next: 35%
Magic:  4/4        EV: 11    Int:  4    God:    Trog [***...]
Gold:   151        SH:  0    Dex: 11    Spells: 4/4 levels left

rFire    . . .     SeeInvis .   a - +0 hand axe
rCold    . . .     Gourm    .   n - +0 scale mail
rNeg     . . .     Faith    .   (no shield)
rPois    .         Spirit   .   (helmet restricted)
rElec    .         Reflect  .   t - +0 cloak
rCorr    .         Harm     .   (no gloves)
MR       .....                  (no boots)
Stlth    ..........             (no amulet)
Regen    0.3/turn               (no ring)
MPRegen  0.1/turn               (no ring)

@: berserking, lethally poisoned (-2 -> -58), very quick
A: retaliatory headbutt, horns 2
a: Berserk, Trog's Hand, Burn Spellbooks, Renounce Religion


You were on level 4 of the Dungeon.
You worshipped Trog.
Trog was most pleased with you.
You were hungry.

You visited 1 branch of the dungeon, and saw 4 of its levels.

You collected 151 gold pieces.

Inventory:

Hand Weapons
 a - a +0 hand axe (weapon)
 l - a +0 war axe
Missiles
 i - 65 arrows
Armour
 b - a +0 animal skin
 e - a +0 ring mail
 n - a +0 scale mail (worn)
 t - a +0 cloak (worn)
Jewellery
 d - a cursed ring of teleportation {unknown}
 s - an uncursed ring of ice {unknown}
Scrolls
 g - 9 scrolls of identify {unknown}
 k - a scroll of blinking {unknown}
 r - a scroll of teleportation {unknown}
 u - a scroll of enchant armour {unknown}
 v - a scroll of magic mapping {unknown}
Potions
 h - 2 potions of mutation {unknown}
 j - 2 potions of haste {unknown}
 m - a potion of might {unknown}
 p - a potion of flight {unknown}
Comestibles
 c - 2 bread rations
 f - 2 fruits
 o - a meat ration


   Skills:
 + Level 4.7 Fighting
 + Level 4.8 Axes
 + Level 3.9 Armour
 + Level 3.6 Dodging


You had 4 spell levels left.
You didn't know any spells.

Dungeon Overview and Level Annotations

Branches:
Dungeon (4/15)
 Temple: D:4-7

Altars:
Kikubaaqudgha
Nemelex Xobeh

Annotations:
D:4 derval's ghost, amateur SpEn


Innate Abilities, Weirdness & Mutations

You reflexively headbutt those who attack you in melee.
You have a pair of horns on your head.


Message History

You feel very sick.
Derval's ghost hits you but does no damage.
You are more poisoned.
Your scale mail prevents you from hitting derval's ghost.
Derval's ghost is almost destroyed.
* * * LOW HITPOINT WARNING * * *
You feel very sick.
Derval's ghost hits you but does no damage.
You are more poisoned.
A red film seems to cover your vision as you go berserk!
You feel yourself moving faster!
You feel mighty!
You are feeling hungry.
* * * LOW HITPOINT WARNING * * *
You feel very sick. Derval's ghost hits you.
* * * LOW HITPOINT WARNING * * *
You are more poisoned.
You miss derval's ghost. Your headbutt misses derval's ghost.
Derval's ghost is almost destroyed.
You die...

##### ...#
#.####.############
#..................
######.############
#.# #@# #W# #.# #..
.## . . ..


You could see derval's ghost.

Vanquished Creatures
  Jessica (D:3)
  An orc wizard (D:3)
  Terence (D:2)
  An adder (D:2)
  2 worms
  4 dart slugs
  4 leopard geckos
  9 orcs (D:3)
  A ball python (D:3)
  6 giant cockroaches
  4 goblins
  6 hobgoblins
  9 kobolds
  4 quokkas
  6 bats
  6 frilled lizards
  6 rats
  2 toadstools (D:1)
73 creatures vanquished.

Vanquished Creatures (others)
  2 toadstools (D:1)
2 creatures vanquished.

Grand Total: 75 creatures vanquished

Notes
Turn   | Place    | Note
-------+----------+-------------------------------------------
     0 | D:1      | nikopol the Minotaur Berserker began the quest for the Orb.
     0 | D:1      | Reached XP level 1. HP: 19/19 MP: 0/0
   159 | D:1      | Reached XP level 2. HP: 27/27 MP: 1/1
   591 | D:2      | Reached XP level 3. HP: 33/33 MP: 2/2
   633 | D:2      | Reached ** piety under Trog
   672 | D:2      | Noticed Terence
   678 | D:2      | Killed Terence
  1065 | D:2      | Found an ancient bone altar of Kikubaaqudgha.
  1117 | D:2      | Reached XP level 4. HP: 27/40 MP: 3/3
  1816 | D:3      | Reached XP level 5. HP: 47/47 MP: 4/4
  1984 | D:3      | Found a sparkling altar of Nemelex Xobeh.
  1984 | D:3      | Noticed Jessica
  1986 | D:3      | Killed Jessica
  1986 | D:3      | Reached *** piety under Trog
  2441 | D:4      | Noticed derval's ghost (amateur SpEn)
  2455 | D:4      | HP: 1/70 [derval's ghost (4)]
  2456 | D:4      | Succumbed to derval's ghost's poison

Vault maps used:
D:1:      ldierk_water_garden, serial_curves, eino_curves_02, eino_curves_02
D:2:      kiku_gazebo_garden_becter, uniq_terence
D:3:      serial_forest, infiniplex_forest_zigzag_1, infiniplex_forest_zigzag_2,
          infiniplex_forest_end_2, infiniplex_forest_zigzag_1,
          infiniplex_forest_lined_2, infiniplex_forest_lined_3,
          infiniplex_forest_straight_2, nemelex_lonely_heart_becter
D:4:      first_bread

Skill      XL: |  1  2  3 |
---------------+----------+-----
Fighting       | 4 |  4.7
Axes           | 4 |  4.8
Armour         | 3 |  3.9
Dodging        | 3 |  3.6

Action                   |  1- 3 |  4- 6 || total
-------------------------+-------+-------++-------
Melee: Hand axe          |    67 |    93 ||   160
       Headbutt          |    15 |    17 ||    32
Invok: Berserk           |     1 |     1 ||     2
  Eat: Chunk             |     1 |     5 ||     6
Armor: Animal skin       |     2 |       ||     2
       Ring mail         |    12 |     2 ||    14
       Scale mail        |       |    26 ||    26
Dodge: Dodged            |    50 |    42 ||    92
